 Dungeon Crawl Stone Soup version 0.29-a0-350-g7790a0e70a (webtiles) character file.

Game seed: 18164541168961186564

41 zeratav the Ruffian (level 3, -2/32 (34) HPs)
             Began as a Naga Fighter on Apr 22, 2022.
             Slain by a goblin
             ... wielding a +0 dagger
             ... led by Robin
              (3 damage)
             ... on level 2 of the Dungeon.
             The game lasted 00:02:49 (1664 turns).

zeratav the Ruffian (Naga Fighter)                  Turns: 1664, Time: 00:02:50

HP:   -2/32 (34)    AC:  4    Str: 20    XL:     3   Next: 52%
MP:   3/3           EV:  7    Int:  8    God:
Gold: 29            SH:  4    Dex: 10    Spells: 2/2 levels left

rFire   . . .      SeeInvis +     - Unarmed
rCold   . . .      Faith    .   b - +0 buckler
rNeg    . . .      Spirit   .   a - +0 scale mail
rPois   +          Reflect  .   (no helmet)
rElec   .          Harm     .   (no cloak)
rCorr   .          Rampage  .   (no gloves)
Will    .....                   (no barding)
Stlth   ..........              (no amulet)
HPRegen 0.10/turn               (no ring)
MPRegen 0.08/turn               (no ring)

@: drained, very slow
A: AC +1, large, see invisible, deformed body, poison resistance, slowness 2,
spit poison 1, naga tail 1
a: Spit Poison


You were on level 2 of the Dungeon.
You visited 1 branch of the dungeon, and saw 2 of its levels.

You collected 29 gold pieces.


Innate Abilities, Weirdness & Mutations

Your serpentine skin is tough. (AC +1)
You have supernaturally acute eyesight. (SInv)
Armour fits poorly on your strangely shaped body.
Your system is resistant to poisons. (rPois)
You cover ground very slowly.
You can spit poison.
You have a snake-like lower body.


   Skills:
 - Level 3.0 Fighting
 - Level 2.4 Armour
 - Level 2.4 Shields
 + Level 3.8 Unarmed Combat


You had 2 spell levels left.
You didn't know any spells.
Your spell library was empty.

Inventory:

Armour
 a - a +0 scale mail (worn)
 b - a +0 buckler (worn)
 g - a +0 scale mail
   (You found it on level 1 of the Dungeon)
 i - a +0 leather armour
   (You found it on level 1 of the Dungeon)
Scrolls
 d - 2 scrolls of identify {unknown}
 f - a scroll of amnesia {unknown}
 j - a scroll of teleportation {unknown}
Potions
 c - a potion of might
 e - 2 potions of degeneration {unknown}
 h - a potion of haste {unknown}
 l - a potion of heal wounds {unknown}

Dungeon Overview and Level Annotations

Branches:
Dungeon (2/15)

Altars:

Annotations:
D:2 Robin

########## #........#
############........#
##...................+
####.....#######g.......#
.....>....g@ggggg........ .
####.....#######K..........
#........# ##)####.....
#.#......# #.# ....
######.#......# #†####.....
...†<#.#......# #g........#
##.###.#.###### ##g.......#
#.......# #........#
#####.### #.g.g....#


You could see Robin, 2 hobgoblins, 4 goblins and a kobold.


Message History

The bat hits you. The bat hits you but does no damage.
HP[-1]
You take 1 damage, and now have 19/34 hp.
You closely miss the bat. The bat hits you but does no damage.
You barely miss the bat. The bat barely misses you. x2
You hit the bat but do no damage. The bat hits you. The bat closely misses you.
HP[-1]
You take 1 damage, and now have 18/34 hp.
You hit the bat.
You kill the bat!
You barely miss the ball python.
The ball python bites you but does no damage.
The ball python bites you.
* * * LOW HITPOINT WARNING * * *
HP[-1]
You take 1 damage, and now have 17/34 hp.
The goblin shouts!
You punch the ball python!
You kill the ball python!
You hear a shout!
Robin throws the goblin at you!
HP[+1]
You barely miss the goblin.
The goblin hits you with a +0 dagger of draining.
* * * LOW HITPOINT WARNING * * *
You feel drained.
* * * LOW HITPOINT WARNING * * *
The hobgoblin completely misses you.
Robin roars a battlecry!
The goblins go into a battle-frenzy!
You hear a shout! x2
HP[-4]
You now have 32 max hp (-2).
You take 4 damage, and now have 14/32 hp.
You hit the goblin.
You kill the goblin!
Robin's bangles clink loudly.
The hobgoblin barely misses you. The hobgoblin attacks as you move away!
The hobgoblin barely misses you. Robin throws the goblin at you!
You block the goblin's attack. The hobgoblin hits you.
* * * LOW HITPOINT WARNING * * *
The goblin hits you but does no damage.
Things that are here:
a +0 dagger of draining {short}; a goblin corpse HP[-1]
You take 1 damage, and now have 13/32 hp.
You hit the goblin.
You kill the goblin!
Robin throws the goblin at you! The hobgoblin hits you.
* * * LOW HITPOINT WARNING * * *
The goblin hits you but does no damage.
HP[-5]
You take 5 damage, and now have 8/32 hp.
The hobgoblin attacks as you move away! You block the hobgoblin's attack.
The goblin barely misses you. Robin throws the goblin at you!
You see here a +0 club {mace}.
The goblin attacks as you move away! You block the goblin's attack.
There is an open door here.
The goblin attacks as you move away! The goblin hits you with a +0 club.
* * * LOW HITPOINT WARNING * * *
The goblin hits you but does no damage.
HP[-1]
You take 1 damage, and now have 7/32 hp.
Robin says, "Kneel, worm!"
HP[+1] Robin throws the goblin at you! The goblin hits you but does no damage.
The goblin closely misses you. The goblin hits you but does no damage.
You hit the goblin. The goblin hits you but does no damage.
The goblin hits you with a +0 club.
* * * LOW HITPOINT WARNING * * *
HP[-3]
You take 3 damage, and now have 5/32 hp.
You hit the goblin.
You kill the goblin!
The goblin no longer looks unusually strong. x2
Robin throws the goblin at you! The goblin hits you but does no damage.
The goblin hits you with a +0 dagger.
* * * LOW HITPOINT WARNING * * *
The goblin closely misses you.
You see here a +0 club {mace}.
HP[-1]
You take 1 damage, and now have 4/32 hp.
You miss the goblin. The goblin hits you with a +0 dagger.
* * * LOW HITPOINT WARNING * * *
The goblin hits you but does no damage.
HP[-1]
You take 1 damage, and now have 3/32 hp.
You barely miss the goblin.
The goblin no longer looks unusually strong.
The hobgoblin no longer looks unusually strong.
Robin roars a battlecry!
The goblins go into a battle-frenzy!
The goblin hits you with a +0 dagger.
* * * LOW HITPOINT WARNING * * *
The goblin barely misses you.
HP[-2]
You take 2 damage, and now have 1/32 hp.
You closely miss the goblin. The goblin hits you with a +0 dagger.
You die...

Skill      XL: |  1  2 |
---------------+-------+-----
Unarmed Combat | 3 |  3.8
Fighting       | |  3.0
Armour         | |  2.4
Shields        | |  2.4

Action                   || total
-------------------------++-------
Melee: Unarmed           ||   117
Armor: Scale mail        ||    67
Dodge: Dodged            ||    47
Block: Buckler           ||    14

Levels and vault maps discovered:
D:1:      scummos_arrival_gate, layout_loops_corners
D:2:      layout_basic, ebering_ecumenical_altar_mist, uniq_robin, uniq_natasha

Notes
Turn   | Place    | Note
-------+----------+-------------------------------------------
     0 | D:1      | zeratav the Naga Fighter began the quest for the Orb.
     0 | D:1      | Reached XP level 1. HP: 21/21 MP: 1/1
     0 | D:1      | magus.rc [v1.9.6]
   294 | D:1      | Reached XP level 2. HP: 15/28 MP: 2/2
   554 | D:1      | Reached skill level 3 in Unarmed Combat
   938 | D:1      | Reached XP level 3. HP: 34/34 MP: 3/3
  1567 | D:2      | Noticed Robin
  1653 | D:2      | HP: 8/32 [hobgoblin[Robin] (5)]
  1659 | D:2      | HP: 5/32 [goblin/+0 club[Robin] (3)]
  1663 | D:2      | HP: 1/32 [goblin/+0 dagger[Robin] (2)]
  1664 | D:2      | Slain by a goblin

Vanquished Creatures
  A dart slug (D:1)
  4 ball pythons
  3 bats
  2 endoplasms (D:1)
  2 giant cockroaches (D:1)
  4 hobgoblins (D:1)
  4 jackals (D:1)
  A quokka (D:1)
  A frilled lizard (D:1)
  4 goblins
  3 kobolds (D:1)
  5 rats (D:1)
34 creatures vanquished.

Table legend:
 A = Non-vault XP
 B = Vault XP
 C = Vault XP percentage of total XP
 D = Non-vault monster count
 E = Vault monster count
 F = Vault count percentage of total count
                 A         B        C        D         E       F
            +---------+---------+-------+---------+---------+-------
      Total |      54 |       5 |   8.5 |      31 |       3 |   8.8
            +---------+---------+-------+---------+---------+-------
        D:1 |      49 |       0 |   0.0 |      28 |       0 |   0.0
        D:2 |       5 |       5 |  50.0 |       3 |       3 |  50.0
            +---------+---------+-------+---------+---------+-------

Illustrated notes

Table legend:
 A = Kills in this place as a percentage of kills in entire the game.
 B = Kills by you in this place as a percentage of kills by you in the entire game.
 C = Kills by friends in this place as a percentage of kills by friends in the entire game.
 D = Other kills in this place as a percentage of other kills in the entire game.
 E = Experience gained in this place as a percentage of experience gained in the entire game.
 F = Experience gained in this place divided by the number of levels of this place that you have seen.
                   A       B       C       D       E      F
               +-------+-------+-------+-------+-------+----------------------
         Total | 100.0 | 100.0 |   N/A |   N/A | 100.0 |  29.5
       Dungeon | 100.0 | 100.0 |   N/A |   N/A | 100.0 |  29.5
               +-------+-------+-------+-------+-------+----------------------

Table legend: (Time is in decaauts)
 A = Elapsed time spent in this place.
 B = Non-inter-level travel time spent in this place.
 C = Inter-level travel time spent in this place.
 D = Time resting spent in this place.
 E = Time spent auto-exploring this place.
 F = Levels seen in this place.
 G = Mean time per level.
                   A        B        C        D        E       F      G
               +--------+--------+--------+--------+--------+-----+--------+
         Total |   2018 |   1985 |     33 |    151 |   1539 |   2 | 1009.0 |
       Dungeon |   2018 |   1985 |     33 |    151 |   1539 |   2 | 1009.0 |
               +--------+--------+--------+--------+--------+-----+--------+

Top non-repeatable levels by time:
     D:1: 1932 daAuts
     D:2: 86 daAuts
